 Dungeon Crawl Stone Soup version 0.21.1-1-g345015fe64 (webtiles) character file.

48 Litary the Skirmisher (level 4, 0/38 HPs)
             Began as a Human Wanderer on July 8, 2018.
             Slain by an ogre
             ... wielding a cursed +0 giant club
              (11 damage)
             ... on level 2 of the Dungeon.
             The game lasted 00:09:01 (1653 turns).

Litary the Skirmisher (Human Wanderer)              Turns: 1653, Time: 00:09:02

Health: 0/38       AC:  9    Str: 14    XL:     4   Next: 0%
Magic:  4/4        EV: 10    Int: 11    God:
Gold:   55         SH:  0    Dex: 13    Spells: 3/3 levels left

rFire    . . .     SeeInvis .   a - +2 short sword
rCold    + . .     Gourm    .   (no shield)
rNeg     . . .     Faith    .   e - +0 leather armour
rPois    .         Spirit   .   (no helmet)
rElec    .         Reflect  .   (no cloak)
rCorr    .         Harm     .   (no gloves)
MR       .....                  m - +0 pair of boots
Stlth    +.........             (no amulet)
HPRegen  0.12/turn              h - +5 ring of protection
MPRegen  0.09/turn              i - ring of protection from cold

@: no status effects
A: no striking features
a: no special abilities


You were on level 2 of the Dungeon.
You were not hungry.

You visited 1 branch of the dungeon, and saw 2 of its levels.

You collected 55 gold pieces.

Inventory:

Hand Weapons
 a - a +2 short sword (weapon)
 c - a +0 shortbow
 v - a +0 mace
Missiles
 d - 91 arrows
 g - 24 bolts
 o - 89 stones (quivered)
 w - 2 needles of sleeping
Armour
 b - a +0 ring mail
 e - a +0 leather armour (worn)
 m - a +0 pair of boots (worn)
 n - a +0 scale mail
 p - a +0 plate armour
Jewellery
 h - a +5 ring of protection (left hand)
 i - a ring of protection from cold (right hand)
 u - an uncursed ring of magical power
Scrolls
 j - a scroll of random uselessness {unknown}
 q - a scroll of remove curse {unknown}
 r - a scroll of teleportation {unknown}
Potions
 k - a potion of cancellation
 l - a potion of brilliance {unknown}
 s - a potion of heal wounds {unknown}
 t - a potion of curing {unknown}
Comestibles
 f - 2 rations


   Skills:
 * Level 4.6 Fighting
 - Level 1.0 Short Blades
 - Level 2.0 Bows
 - Level 1.0 Armour
 - Level 1.0 Stealth
   Level 2.0 Shields


You had 3 spell levels left.
You didn't know any spells.

Dungeon Overview and Level Annotations

Branches:
Dungeon (2/15)

Altars:

Annotations:
D:2 1 runed door


Message History

You hit the ogre.
The ogre is moderately wounded.
The ogre hits you with a giant club!!
Ouch! That really hurt!
* * * LOW HITPOINT WARNING * * *
You puncture the ogre!
The ogre is severely wounded.
The ogre closely misses you.
You hit the ogre.
The ogre is severely wounded.
The ogre misses you.
You barely miss the ogre.
The ogre is severely wounded.
You hit the ogre.
The ogre is almost dead.
The ogre barely misses you.
Okay, then.
It was a potion of cancellation.
You feel magically purged. The ogre hits you with a giant club!
You die...

######## #.....#
#.....###### #..........#
###........######
#.............#
#.............+
#....w........#
#####O##......# ########
#@##......# #......#
#..'......#
##......###########......#
.'......'..........<.....#
##......##########.......#
#......# #.###+###
#...#### #.# #...# #.#
#...# #.#


You could see an ogre and a worm.

Vanquished Creatures
  An adder (D:2)
  4 dart slugs
  4 bats
  5 giant cockroaches
  3 goblins
  4 hobgoblins (D:1)
  3 kobolds (D:1)
  2 ball pythons (D:1)
  3 frilled lizards
  2 rats (D:1)
31 creatures vanquished.

Notes
Turn   | Place    | Note
-------+----------+-------------------------------------------
     0 | D:1      | Litary the Human Wanderer began the quest for the Orb.
     0 | D:1      | Litary set off with: a +2 short sword, a +0 ring mail, a +0 shortbow, 23 arrows, a ration
     0 | D:1      | Reached XP level 1. HP: 18/18 MP: 1/1
   287 | D:1      | Reached XP level 2. HP: 13/24 MP: 2/2
   954 | D:1      | Reached skill level 4 in Fighting
   954 | D:1      | Reached XP level 3. HP: 30/30 MP: 3/3
  1378 | D:2      | Found a runed door.
  1632 | D:2      | Noticed an ogre
  1643 | D:2      | Reached XP level 4. HP: 38/38 MP: 4/4
  1653 | D:2      | Slain by an ogre

Skill      XL: |  1  2 |
---------------+-------+-----
Fighting       | 4 |  4.6
Short Blades   | |  1.0
Bows           | |  2.0
Armour         | |  1.0
Stealth        | |  1.0
Shields        | |  2.0

Action                   |  1- 3 |  4- 6 || total
-------------------------+-------+-------++-------
Melee: Short sword       |   103 |     7 ||   110
  Use: Potion            |       |     1 ||     1
  Eat: Chunk             |     2 |       ||     2
Armor: Leather armour    |    35 |       ||    35
Dodge: Dodged            |    55 |     3 ||    58
